 Dungeon Crawl Stone Soup version 0.27.0-1-g7a089689b8 (webtiles) character file.

Game seed: 2458694118434209828

139629 Sin92 the Fencer (level 16, -3/147 HPs)
             Began as a Minotaur Fighter on Aug 5, 2021.
             Was the Champion of Okawaru.
             Slain by a nagaraja (5 damage)
             ... on level 3 of the Snake Pit.
             The game lasted 01:09:58 (40545 turns).

Sin92 the Fencer (Minotaur Fighter)                Turns: 40545, Time: 01:09:59

Health: -3/147     AC: 22    Str: 31    XL:     16   Next: 74%
Magic:  21/21      EV: 12    Int: 15    God:    Okawaru [******]
Gold:   226        SH: 22    Dex: 15    Spells: 15/15 levels left

rFire    + + .     SeeInvis .   E - +5 long sword of Exceptional Offence {flame, rCorr}
rCold    + . .     Faith    .   e - +2 kite shield
rNeg     . . .     Spirit   .   W - +6 chain mail {rF+}
rPois    +         Reflect  +   Q - +0 hat {Stlth+}
rElec    .         Harm     .   r - scarf {rC+ rF+}
rCorr    +         Rampage  .   Z - +1 pair of gloves "Hounihim" {Int+3 Dex+2 Stlth+}
Will     +....     NoTele   +   (no boots)
Stlth    +.........             q - amulet of reflection
HPRegen  0.34/turn              a - ring "Kiseores" {Str+6 Int+7}
MPRegen  0.17/turn              K - ring of poison resistance

@: lethally poisoned (-3 -> -9), finesse-ful, weakened, untranslocatable, hasted
and slowed, constricted, studying 3 skills
A: horns 2, retaliatory headbutt
a: Renounce Religion, Heroism, Finesse


You were on level 3 of the Snake Pit.
You worshipped Okawaru.
Okawaru was exalted by your worship.
You visited 5 branches of the dungeon, and saw 27 of its levels.
You visited the Abyss 1 time.
You also visited: Sewer, Bailey and Volcano.

You collected 3057 gold pieces.
You spent 2831 gold pieces at shops.

Inventory:

Hand Weapons
 c - a +2 scimitar of flaming
 k - a +3 falchion of holy wrath
 o - a +0 demon blade of freezing
 v - a +3 whip of freezing
 x - the +5 morningstar "Archoic" {spect, Dex+3}
   (Okawaru gifted it to you on level 4 of the Snake Pit)

   When its wielder attacks, the weapon's spirit leaps out and strikes again.
   The spirit shares a part of any damage it takes with its wielder.
   Dex:       It affects your dexterity (+3).
 E - the +5 long sword of Exceptional Offence (weapon) {flame, rCorr}
   (You found it on level 6 of the Dungeon)

   It burns those it strikes, dealing additional fire damage.
   Big, fiery blades are also staple armaments of hydra-hunters.
   rCorr:     It protects you from acid and corrosion.
 N - a +3 broad axe
Missiles
 O - 14 silver javelins (quivered)
Armour
 e - a +2 kite shield (worn)
 r - a scarf of resistance (worn)
 t - the +6 scale mail "Paop" {Drain Will++ Int+3}
   (You bought it in a shop on level 1 of the Snake Pit)

   Int:       It affects your intelligence (+3).
   Drain:     It drains your maximum health when unequipped.
   Will:      It greatly increases your willpower.
 Q - a +0 hat of stealth (worn)
 W - a +6 chain mail of fire resistance (worn)
 X - a +2 plate armour of fire resistance
 Z - the +1 pair of gloves "Hounihim" (worn) {Int+3 Dex+2 Stlth+}
   (Okawaru gifted it to you in a volcano)

   Int:       It affects your intelligence (+3).
   Dex:       It affects your dexterity (+2).
   Stlth:     It makes you more stealthy.
Jewellery
 a - the ring "Kiseores" (left hand) {Str+6 Int+7}
   (You found it on level 1 of the Snake Pit)

   [ring of strength]

   Str:       It affects your strength (+6).
   Int:       It affects your intelligence (+7).
 b - the amulet of Xell {Regen+ Slay+2}
   (You acquired it on level 2 of the Orcish Mines)

   [amulet of regeneration]

   Slay:      It affects your accuracy & damage with ranged weapons and melee
   (+2).
   Regen:     It increases your rate of health regeneration.
 h - a ring of resist corrosion
 q - an amulet of reflection (around neck)
 K - a ring of poison resistance (right hand)
 M - an amulet of guardian spirit
 R - an amulet of faith
Wands
 u - a wand of digging (2)
 w - a wand of paralysis (16)
 J - a wand of flame (62)
 L - a wand of iceblast (36)
Scrolls
 d - 4 scrolls of magic mapping
 f - 3 scrolls of enchant weapon
 l - a scroll of blinking
 n - 10 scrolls of identify
 C - 6 scrolls of teleportation
 D - 4 scrolls of amnesia
 H - 6 scrolls of fog
 V - a scroll of holy word
Potions
 g - 2 potions of magic
 i - 4 potions of ambrosia
 j - 2 potions of haste
 m - 6 potions of curing
 p - 2 potions of flight
 s - 3 potions of mutation
 A - 3 potions of brilliance
 F - 3 potions of attraction
 P - 4 potions of resistance


   Skills:
 + Level 14.6 Fighting
 * Level 16.5 Long Blades
 - Level 7.0(11.0) Axes
 + Level 13.1(13.7) Maces & Flails
 + Level 14.8 Armour
 + Level 12.9 Dodging
 - Level 1.4 Stealth
 + Level 14.7 Shields
 - Level 8.2 Invocations


You had 15 spell levels left.
You didn't know any spells.
Your spell library contained the following spells:

 Spells                   Type           Power      Damage    Failure   Level
 Animate Skeleton         Necr           0%         N/A       65%         1
 Corona                   Hex            0%         N/A       65%         1
 Magic Dart               Conj           0%         1d3       65%         1
 Pain                     Necr           0%         1d4       65%         1
 Blink                    Tloc           N/A        N/A       78%         2
 Call Imp                 Summ           0%         N/A       78%         2
 Ensorcelled Hibernation  Hex/Ice        0%         N/A       78%         2
 Passwall                 Tmut/Erth      0%         N/A       78%         2
 Slow                     Hex            0%         N/A       78%         2
 Sublimation of Blood     Necr           0%         N/A       78%         2
 Call Canine Familiar     Summ           0%         N/A       95%         3
 Confusing Touch          Hex            0%         N/A       95%         3
 Dazzling Flash           Conj/Hex       0%         N/A       95%         3
 Gell's Gravitas          Tloc           0%         N/A       95%         3
 Mephitic Cloud           Conj/Pois/Air  0%         N/A       95%         3
 Portal Projectile        Hex/Tloc       0%         N/A       95%         3
 Swiftness                Air            0%         N/A       95%         3
 Teleport Other           Tloc           0%         N/A       95%         3
 Tukima's Dance           Hex            0%         N/A       95%         3
 Vampiric Draining        Necr           0%         2d6       95%         3
 Leda's Liquefaction      Hex/Erth       0%         N/A       100%        4
 Petrify                  Tmut/Erth      0%         N/A       100%        4
 Agony                    Necr           0%         N/A       100%        5
 Blade Hands              Tmut           0%         N/A       100%        5
 Excruciating Wounds      Necr           0%         N/A       100%        5
 Irradiate                Conj/Tmut      0%         3d14      100%        5
 Manifold Assault         Tloc           0%         N/A       100%        5
 Silence                  Hex/Air        0%         N/A       100%        5
 Yara's Violent Unravell  Hex/Tmut       0%         3d3       100%        5
 Dispersal                Tloc           0%         N/A       100%        6
 Invisibility             Hex            0%         N/A       100%        6
 Storm Form               Tmut/Air       0%         N/A       100%        7


Dungeon Overview and Level Annotations

Branches:
Dungeon (14/15)            Temple (1/1) D:7            Lair (6/6) D:9
 Shoals (0/4) Lair:3        Snake (4/4) Lair:4        Slime (0/5) Lair:6
    Orc (2/2) D:9             Elf (0/3) Orc:2        Vaults (0/5) D:13
  Sewer (visited)          Bailey (visited)         Volcano (visited)

Altars:
Cheibriados
Dithmenos
Fedhas
Hepliaklqana
Kikubaaqudgha
Makhleb
Nemelex Xobeh
Okawaru
Qazlal
Sif Muna
Trog
Uskayaw
Vehumet
Wu Jian
Xom
Yredelemnul
The Shining One
Beogh

Shops:
D:7 !   Orc:2 [:*??   Snake:1 [[

Annotations:
D:13 exclusion: 3 oklob plants
Lair:6 exclusion: oklob plant


Innate Abilities, Weirdness & Mutations

You have a pair of horns on your head.
You reflexively headbutt those who attack you in melee.


Message History

The nagaraja constricts you.
You slash the nagaraja! You burn the nagaraja.
Your headbutt misses the nagaraja.
The nagaraja is severely wounded.
The nagaraja closely misses you. The nagaraja constricts you.
Unknown command.
You slash the nagaraja! You burn the nagaraja. You headbutt the nagaraja.
The nagaraja is almost dead.
You feel sick. You block the nagaraja's attack.
* * * LOW HITPOINT WARNING * * *
The nagaraja constricts you.
Unknown command.
You feel better. You block the nagaraja's attack.
* * * LOW HITPOINT WARNING * * *
The nagaraja constricts you.
The nagaraja hits you but does no damage.
* * * LOW HITPOINT WARNING * * *
The nagaraja constricts you.
Unknown command.
You feel yourself speed up. You block the nagaraja's attack.
The nagaraja constricts you.
The nagaraja gestures at you while chanting.
You barely resist.
* * * LOW HITPOINT WARNING * * *
The nagaraja constricts you.
Unknown command.
You closely miss the nagaraja.
You headbutt the nagaraja, but do no damage.
The nagaraja is almost dead.
The nagaraja hits you with a +0 club.
* * * LOW HITPOINT WARNING * * *
x2 The nagaraja constricts you.
Unknown command.
You feel better.
The nagaraja gestures at you while chanting.
The poison arrow hits you!
You are poisoned.
You partially resist.
* * * LOW HITPOINT WARNING * * *
You die...

.....# #..# #..#
#..# .....# #..##
#..# #..#
.....####..# ##.#
#..# #.....# ##.##
#.## #..# ###...##
#..# #..# #..#
....>..# ##.# #..#
#..# ....####
#.###..# #..#
......### #.)###.#
##.##
........###..###@#
#..#
..............##N##
#..#
..#####........#..#
#..# ###
##..........# #..#
##.........# #..#
#####.........#
##.#
#####.............#
#.#
.(................#
#.#
..................#
##.#


You could see a nagaraja (fast, curare).

Vanquished Creatures
  Vashnia (Snake:2)
  Asterion (Snake:2)
  Gastronok (Lair:3)
  Donald (Snake:2)
  2 nagarajas
  An orc warlord (Orc:2)
  Louise (Snake:1)
  A fire giant (D:14)
  A fire dragon (D:13)
  Snorg (Lair:3)
  An ettin (Orc:1)
  Josephine (Snake:1)
  13 hydras
  A vault guard (D:13)
  7 naga warriors
  A salamander tyrant (Snake:4)
  2 boulder beetles
  An ogre mage (D:13)
  A catoblepas (D:13)
  An ice dragon (Lair:6)
  2 centaur warriors (D:13)
  A death knight (D:13)
  3 death yaks (Lair:5)
  8 anacondas
  4 two-headed ogres
  6 naga sharpshooters
  2 orc high priests (Bailey)
  A deep troll earth mage (D:13)
  5 shock serpents
  Urug (Lair:5)
  A thrashing horror (Abyss:2)
  A large abomination (Abyss:2)
  A salamander mystic (Snake:2)
  5 naga ritualists
  2 lindwurms (Lair:6)
  4 mana vipers
  Pikel (D:4)
  2 orc knights
  6 orc sorcerers (Orc:2)
  4 ugly things
  A cyclops (shapeshifter) (D:13)
  2 manticores (D:13)
  11 salamanders
  A black mamba (shapeshifter) (D:13)
  5 elephants (Lair:4)
  5 cyclopes (D:13)
  30 black mambas
  5 naga magi
  3 gargoyles
  2 guardian serpents (Snake:4)
  A molten gargoyle (Volcano)
  6 torpor snails (Lair:6)
  16 cane toads
  A freezing wraith (Abyss:2)
  A rime drake (Lair:6)
  2 komodo dragons
  A kobold demonologist (D:11)
  Maggie (D:8)
  An efreet (D:14)
  2 meliai (D:13)
  A queen bee (D:13)
  8 trolls
  19 slime creatures
  8 hornets
  10 polar bears
  2 tyrant leeches (Lair:6)
  Grinder (D:5)
  3 raiju (Lair:6)
  14 blink frogs
  2 dream sheep (D:8)
  A meliai zombie (D:7)
  Eustachio (D:5)
  A shadow (D:8)
  39 yaks
  A spriggan (shapeshifter) (D:13)
  5 wraiths
  5 basilisks
  A fire elemental (Volcano)
  4 wyverns
  6 vampire mosquitoes
  Menkaure (D:5)
  10 wargs
  20 nagas
  An acid dragon (D:13)
  10 water moccasins
  14 hell hounds (Lair:6)
  22 orc warriors
  15 black bears
  An ice beast (D:5)
  7 ogres
  22 wolves
  8 centaurs
  A lemure (D:4)
  3 phantoms (D:7)
  5 kobold brigands
  6 bullfrogs
  4 scorpions
  44 killer bees
  9 howler monkeys
  3 wights (D:7)
  6 electric eels
  3 centaur zombies
  2 bullfrog zombies (D:5)
  A jelly (D:5)
  5 hounds
  3 centaur skeletons
  11 orc priests
  Natasha (thrice) (D:4)
  Terence (D:2)
  39 orc wizards
  2 scorpion zombies (D:5)
  4 iguanas
  2 howler monkey zombies
  A howler monkey skeleton (D:7)
  14 gnolls
  13 adders
  6 river rats (Sewer)
  A shadow imp (D:5)
  2 white imps
  An ufetubus (Abyss:2)
  An adder skeleton (D:5)
  A worm (D:6)
  2 dart slugs
  70 orcs
  3 bats
  4 endoplasms
  A giant cockroach (D:4)
  15 goblins
  11 hobgoblins
  7 jackals
  13 kobolds
  2 quokkas (D:4)
  24 ball pythons
  A frilled lizard (D:3)
  43 rats
853 creatures vanquished.

Vanquished Creatures (others)
  A salamander tyrant (Snake:3)
  A killer bee (D:13)
  2 orc wizards (Orc:2)
  3 orcs
  40 fungi
  84 plants
131 creatures vanquished.

Grand Total: 984 creatures vanquished

Notes
Turn   | Place    | Note
-------+----------+-------------------------------------------
     0 | D:1      | Sin92 the Minotaur Fighter began the quest for the Orb.
     0 | D:1      | Reached XP level 1. HP: 19/19 MP: 0/0
   249 | D:1      | Reached XP level 2. HP: 27/27 MP: 1/1
   989 | D:2      | Reached XP level 3. HP: 33/33 MP: 2/2
  1086 | D:2      | Reached skill level 1 in Dodging
  1463 | D:2      | Noticed Terence
  1481 | D:2      | Killed Terence
  1482 | D:2      | Reached XP level 4. HP: 5/40 MP: 3/3
  2800 | D:4      | Noticed a black bear
  2814 | D:4      | Killed a black bear
  2815 | D:4      | Reached skill level 1 in Maces & Flails
  2815 | D:4      | Reached XP level 5. HP: 30/47 MP: 4/4
  3207 | D:4      | Noticed Natasha
  3214 | D:4      | Killed Natasha
  3215 | D:4      | Reached XP level 6. HP: 41/53 MP: 5/5
  3308 | D:4      | Noticed Pikel
  3332 | D:4      | Killed Pikel
  3333 | D:4      | Reached skill level 5 in Fighting
  3333 | D:4      | Reached skill level 5 in Axes
  3333 | D:4      | Reached skill level 5 in Armour
  3333 | D:4      | Reached skill level 5 in Shields
  3333 | D:4      | Reached XP level 7. HP: 19/61 MP: 6/6
  3691 | D:4      | Found a snail-covered altar of Cheibriados.
  3883 | D:4      | Noticed Natasha
  3892 | D:4      | Killed Natasha
  4178 | D:4      | Noticed Natasha
  4193 | D:4      | Killed Natasha
  4483 | D:5      | Entered Level 5 of the Dungeon
  4633 | D:5      | Reached XP level 8. HP: 61/70 MP: 7/7
  4995 | D:5      | Noticed Menkaure
  4996 | D:5      | Noticed Grinder
  4996 | D:5      | Paralysed by Grinder for 4 turns
  4998 | D:5      | Noticed Eustachio
  5281 | D:5      | Killed Grinder
  5288 | D:5      | Killed Menkaure
  5310 | D:5      | Killed Eustachio
  5693 | D:5      | Reached skill level 5 in Dodging
  5734 | D:5      | Reached skill level 5 in Maces & Flails
  5734 | D:5      | Reached XP level 9. HP: 55/78 MP: 8/8
  6497 | D:6      | Found a glowing drain.
  6512 | Sewer    | Entered a sewer
  7312 | D:6      | Identified the +5 long sword of Exceptional Offence {flame,
                  | rCorr}
  7652 | D:6      | Reached skill level 1 in Long Blades
  8060 | D:7      | Found Oraeness's Distillery.
  8110 | D:7      | Reached skill level 2 in Long Blades
  8960 | D:7      | Found a staircase to the Ecumenical Temple.
  8974 | Temple   | Entered the Ecumenical Temple
  9029 | Temple   | Became a worshipper of Warmaster Okawaru
  9132 | D:7      | Reached XP level 10. HP: 88/88 MP: 9/9
  9315 | D:8      | Reached skill level 3 in Long Blades
  9626 | D:8      | Noticed Maggie
  9650 | D:8      | Killed Maggie
  9661 | D:8      | Reached * piety under Okawaru
  9662 | D:8      | Reached skill level 1 in Invocations
  9680 | D:8      | Noticed a three-headed hydra
  9686 | D:8      | Killed a three-headed hydra
  9686 | D:8      | Reached ** piety under Okawaru
  9687 | D:8      | Reached skill level 4 in Long Blades
 10820 | D:9      | Found a staircase to the Lair.
 11279 | D:9      | Found a staircase to the Orcish Mines.
 11746 | D:9      | Reached *** piety under Okawaru
 11782 | D:9      | Reached skill level 5 in Long Blades
 11790 | D:9      | Reached XP level 11. HP: 14/97 MP: 12/12
 12207 | D:10     | Entered Level 10 of the Dungeon
 12679 | D:10     | HP: 3/97 [troll (5)]
 13304 | Lair:1   | Entered Level 1 of the Lair of Beasts
 13366 | Lair:1   | Noticed a five-headed hydra
 13380 | Lair:1   | Killed a five-headed hydra
 13384 | Lair:1   | Reached **** piety under Okawaru
 14591 | Lair:2   | Reached skill level 6 in Long Blades
 15171 | Lair:3   | Noticed Snorg
 15191 | Lair:3   | Killed Snorg
 15191 | Lair:3   | Reached ***** piety under Okawaru
 15192 | Lair:3   | Reached skill level 10 in Armour
 15246 | Lair:3   | Noticed a four-headed hydra
 15521 | Lair:3   | Killed a four-headed hydra
 15522 | Lair:3   | Reached skill level 10 in Shields
 15637 | Lair:3   | Found a staircase to the Shoals.
 15688 | Lair:3   | Received a gift from Okawaru
 15689 | Lair:3   | Reached skill level 10 in Fighting
 15943 | Lair:3   | Noticed Gastronok
 15963 | Lair:3   | Killed Gastronok
 15964 | Lair:3   | Reached skill level 7 in Long Blades
 15964 | Lair:3   | Reached skill level 5 in Invocations
 15964 | Lair:3   | Reached XP level 12. HP: 61/106 MP: 6/14
 16628 | Lair:4   | Noticed a seven-headed hydra
 16641 | Lair:4   | Killed a seven-headed hydra
 16643 | Lair:4   | Noticed a four-headed hydra
 16974 | Lair:4   | Killed a four-headed hydra
 17353 | Lair:4   | Found a staircase to the Snake Pit.
 17743 | Lair:4   | Reached skill level 8 in Long Blades
 18227 | Lair:4   | Noticed a six-headed hydra
 18232 | Lair:4   | Received a gift from Okawaru
 18245 | Lair:4   | Killed a six-headed hydra
 18275 | Lair:4   | Reached skill level 9 in Long Blades
 19146 | Lair:5   | Reached skill level 10 in Maces & Flails
 19223 | Lair:5   | Noticed Urug
 19248 | Lair:5   | Killed Urug
 19505 | Lair:5   | Noticed a death yak
 19527 | Lair:5   | Killed a death yak
 19660 | Lair:5   | Reached XP level 13. HP: 112/116 MP: 16/16
 19831 | Lair:5   | Reached skill level 10 in Long Blades
 20441 | Lair:6   | Entered Level 6 of the Lair of Beasts
 20626 | Lair:6   | Reached ****** piety under Okawaru
 20970 | Lair:6   | Received a gift from Okawaru
 21168 | Lair:6   | Found a runed translucent door.
 21290 | Lair:6   | HP: 2/116 [lindwurm/blast of flame (19)]
 21555 | Lair:6   | Reached skill level 11 in Long Blades
 22111 | Lair:6   | Found a staircase to the Slime Pits.
 22220 | Lair:6   | Received a gift from Okawaru
 22451 | Lair:6   | Received a gift from Okawaru
 22697 | Lair:6   | HP: 3/118 [polar bear (10)]
 23113 | Lair:6   | Reached skill level 12 in Long Blades
 23238 | Lair:6   | Reached XP level 14. HP: 71/126 MP: 11/18
 23528 | Lair:6   | Identified the +6 battleaxe "Dorunac" {elec, Fragile Str+6}
 24988 | Orc:1    | Entered Level 1 of the Orcish Mines
 25568 | Orc:2    | Entered Level 2 of the Orcish Mines
 25600 | Orc:1    | Found a dark tunnel.
 25608 | Volcano  | Entered a volcano
 25737 | Volcano  | Identified the +1 pair of gloves "Hounihim" {Int+3 Dex+2
                  | Stlth+} (Okawaru gifted it to you in a volcano)
 25737 | Volcano  | Received a gift from Okawaru
 26228 | Orc:2    | Found Cusmoar's Book Emporium.
 26259 | Orc:2    | Paralysed by an orc sorcerer for 7 turns
 26294 | Orc:2    | Found Riri's Antique Armour Boutique.
 26327 | Orc:2    | Bought a slimy chain mail for 256 gold pieces
 26327 | Orc:2    | Identified the +0 chain mail "Doiqaep" {-Tele rPois Int+8
                  | Stlth-} (You bought it in a shop on level 2 of the Orcish
                  | Mines)
 26640 | Orc:2    | Reached skill level 1 in Stealth
 26830 | Orc:2    | Noticed an orc warlord
 27276 | Orc:2    | Found Fajial's General Store.
 27284 | Orc:2    | Bought a scroll of teleportation for 36 gold pieces
 27284 | Orc:2    | Bought a scroll of teleportation for 36 gold pieces
 27284 | Orc:2    | Bought a scroll of teleportation for 36 gold pieces
 27284 | Orc:2    | Bought a potion of might for 48 gold pieces
 27715 | Orc:2    | Killed an orc warlord
 27716 | Orc:2    | Reached skill level 13 in Long Blades
 27740 | Orc:2    | Found Gepomy's Magic Scroll Boutique.
 27768 | Orc:2    | Bought a scroll of acquirement for 728 gold pieces
 27768 | Orc:2    | Acquired a manual of Dodging
 27945 | Orc:2    | Found Tudilah's Magic Scroll Emporium.
 27977 | Orc:2    | Bought a scroll of acquirement for 572 gold pieces
 27977 | Orc:2    | Acquired the amulet of Xell {Regen+ Slay+2}
 28123 | Orc:2    | Found a staircase to the Elven Halls.
 28401 | Snake:1  | Entered Level 1 of the Snake Pit
 28421 | Snake:1  | Noticed Louise
 28422 | Snake:1  | Noticed Josephine
 28451 | Snake:1  | Cast into level 2 of the Abyss (Louise)
 28455 | Abyss:2  | Found a corrupted altar of Lugonu.
 28570 | Snake:1  | Escaped the Abyss
 28831 | Snake:1  | Killed Louise
 28834 | Snake:1  | Killed Josephine
 28878 | Snake:1  | Identified the ring "Kiseores" {Str+6 Int+7}
 28973 | Snake:1  | Received a gift from Okawaru
 29382 | Snake:1  | Found Gexken's Antique Armour Boutique.
 29386 | Snake:1  | Found Esoler's Armour Emporium.
 30022 | Orc:2    | Bought a scroll of enchant weapon for 105 gold pieces
 30022 | Orc:2    | Bought a scroll of blinking for 105 gold pieces
 30022 | Orc:2    | Bought a scroll of enchant weapon for 105 gold pieces
 30022 | Orc:2    | Bought a scroll of magic mapping for 49 gold pieces
 30022 | Orc:2    | Bought a scroll of identify for 28 gold pieces
 30022 | Orc:2    | Bought a scroll of identify for 28 gold pieces
 30022 | Orc:2    | Bought a scroll of identify for 28 gold pieces
 30035 | Orc:2    | Bought a scroll of blinking for 82 gold pieces
 30035 | Orc:2    | Bought a scroll of magic mapping for 38 gold pieces
 30035 | Orc:2    | Bought a scroll of enchant weapon for 82 gold pieces
 30035 | Orc:2    | Bought a scroll of blinking for 82 gold pieces
 30875 | D:11     | Reached skill level 14 in Long Blades
 30899 | D:11     | Reached XP level 15. HP: 122/135 MP: 20/20
 32422 | D:13     | Reached skill level 10 in Dodging
 32471 | D:13     | Found a flagged portal.
 32492 | Bailey   | Entered a bailey
 32561 | Bailey   | Found an iron altar of Okawaru.
 32867 | Bailey   | Acquired a manual of Maces & Flails
 33154 | D:13     | Received a gift from Okawaru
 33495 | D:13     | Found a gate to the Vaults.
 33937 | D:13     | Noticed a fire giant
 33955 | D:14     | Killed a fire giant
 33955 | D:14     | Received a gift from Okawaru
 34141 | D:13     | Reached skill level 15 in Long Blades
 35189 | Snake:1  | Bought a twisted scale mail for 387 gold pieces
 35189 | Snake:1  | Identified the +6 scale mail "Paop" {Drain Will++ Int+3}
                  | (You bought it in a shop on level 1 of the Snake Pit)
 35269 | Snake:2  | Received a gift from Okawaru
 35496 | Snake:2  | Noticed Vashnia
 35501 | Snake:2  | Identified the +1 kite shield of the Desolation of Salt
                  | {rElec Dex+2}
 35501 | Snake:2  | Noticed Donald
 35589 | Snake:2  | Killed Donald
 35593 | Snake:2  | Killed Vashnia
 35594 | Snake:2  | Reached XP level 16. HP: 47/146 MP: 21/21
 36444 | Snake:2  | Noticed Asterion
 36480 | Snake:2  | Killed Asterion
 37291 | Snake:3  | Reached skill level 16 in Long Blades
 37727 | Snake:3  | Received a gift from Okawaru
 38504 | Snake:4  | Entered Level 4 of the Snake Pit
 40519 | Snake:4  | Identified the +5 morningstar "Archoic" {spect, Dex+3}
                  | (Okawaru gifted it to you on level 4 of the Snake Pit)
 40519 | Snake:4  | Received a gift from Okawaru
 40544 | Snake:3  | HP: 5/147 [nagaraja (6)]
 40545 | Snake:3  | HP: 2/147 [nagaraja/poison arrow (9)]
 40545 | Snake:3  | Slain by a nagaraja

Illustrated notes

Levels and vault maps discovered:
D:1:      eino_arrival_tree_alley, layout_loops_ring
D:2:      kb_forest_paths, layout_basic, hangedman_glass_teeth,
          minmay_misc_feat_nine_boxes, uniq_terence
D:3:      layout_loops_ring
D:4:      layout_basic, old_standard_altar, minmay_rat_hole, uniq_pikel,
          uniq_natasha
D:5:      kennysheep_windowed_halls, layout_loops_ring, nicolae_sextant,
          uniq_menkaure, uniq_grinder, uniq_eustachio
D:6:      layout_gridville, cheibrodos_sewer_entry_bend
D:7:      layout_rooms, minmay_temple_entry_junction, grunt_ministairs_8,
          hangedman_decor_peaks_small, nicolae_take_the_stairs,
          chequers_serial_rivers_room_b, dk_noncrumbling_3
D:8:      layout_loops_ring, hangedman_ranch, uniq_maggie
D:9:      layout_irregular_city, dpeg_oklobed_lair, orc_0_dummy
D:10:     layout_roguey, grunt_decor_one_mirror, bh_walls_and_bars
D:11:     layout_basic
D:12:     layout_basic, kennysheep_potato
D:13:     hangedman_what_comes_after_a, layout_layer_cave, david_vaults_5,
          enter_bailey_3
D:14:     layout_grid_maze, xom_redecorated
Temple:   compressed_dpeg_triangle_lava_temple
Lair:1:   layout_chaotic_city, serial_bayou, serial_bayou_pond_a,
          serial_bayou_pond_c, serial_bayou_shore_a, serial_bayou_ford_a
Lair:2:   layout_chaotic_city
Lair:3:   layout_misc_corridors, elwin_shoals_entry_rocks, uniq_gastronok,
          uniq_snorg
Lair:4:   layout_regular_city, minmay_snake_entry_guardpost_small
Lair:5:   beast_lair_carwin_large_1, layout_regular_city, wad_woods_road_05,
          lemuel_fruit_fields, uniq_urug
Lair:6:   wormcave, layout_layer_cave, hangedman_lair_caniforms_friends,
          minmay_slime_entry_oklob_open
Snake:1:  layout_layer_cave, nicolae_wooded_promenade, uniq_josephine,
          uniq_louise
Snake:2:  layout_layer_cave, serial_bayou_shore_b, uniq_vashnia, uniq_donald,
          uniq_asterion
Snake:3:  layout_onion
Snake:4:  hellmonk_snake_rune_quicksilver_temple, layout_rooms
Orc:1:    layout_caves, enter_volcano_2
Orc:2:    st_orc_town, layout_diamond_mine, serial_shops, shop

Skill      XL: |  1  2  3  4  5  6  7  8  9 10 11 12 13 14 15 16 |
---------------+-------------------------------------------------+-----
Axes           | 3 4 5 6 7 |  7.0
Fighting       | 4 5 6 8 9 10 11 12 13 14 | 14.6
Shields        | 4 5 6 8 9 10 11 12 13 14 | 14.7
Dodging        | 1 2 3 5 6 7 9 11 12 | 12.9
Armour         | 4 5 6 8 9 10 11 12 13 14 | 14.8
Maces & Flails | 1 2 3 5 6 7 9 10 11 13 | 13.1
Long Blades    | 2 5 7 9 12 14 15 16 | 16.5
Invocations    | 2 5 6 7 8 |  8.2
Stealth        | 1 |  1.4

Action                   |  1- 3 |  4- 6 |  7- 9 | 10-12 | 13-15 | 16-18 || total
-------------------------+-------+-------+-------+-------+-------+-------++-------
Melee: War axe           |    94 |    34 |       |       |       |       ||   128
       Headbutt          |    13 |    18 |    93 |   202 |   472 |   140 ||   938
       Whip              |       |    89 |   434 |   796 |       |       ||  1319
       Unarmed           |       |       |    11 |       |       |       ||    11
       Long sword        |       |       |       |    40 |  1662 |   404 ||  2106
Invok: Heroism           |       |       |       |       |     1 |       ||     1
       Finesse           |       |       |       |       |     8 |     2 ||    10
Evoke: Wand              |       |       |       |     2 |       |     2 ||     4
  Use: Scroll            |       |     5 |     7 |    22 |    18 |     2 ||    54
       Potion            |       |       |     1 |     4 |    21 |     7 ||    33
 Stab: Invisible         |       |       |       |       |    10 |       ||    10
       Petrified         |       |       |       |       |     2 |       ||     2
Armor: Scale mail        |    44 |    64 |   174 |    77 |       |       ||   359
       Plate armour      |       |       |       |   204 |   335 |       ||   539
       Chain mail        |       |       |       |       |   375 |    96 ||   471
Dodge: Dodged            |    29 |    65 |   177 |   227 |   511 |   140 ||  1149
Block: Kite shield       |    62 |    91 |   252 |   484 |  1263 |   401 ||  2553
       Reflection        |       |       |       |       |       |    19 ||    19
       Rpst.: Long sword |       |       |       |     2 |   106 |    21 ||   129
